Map: Abyssal Reef LE

Players

liquidthermy (uThermal) - Winner!

  • Race: Terran Terran
  • League: Grandmaster
  • Spawn Location: 5:00

Reynor

  • Race: Zerg Zerg
  • League: Grandmaster
  • Spawn Location: 11:00

Event: WESG Barcelona European Finals 2017

VOD

Have the link to the VOD?

Description

Time

  • Played on: Nov. 23, 2017, 2:06 p.m.
  • Length: 13:34

All games in this series

Show
View Real Time Build Order
Export as new Build Order

liquidthermy Terran - Winner!

Build Orders: Command Center First (CC), Liberator Opening, Mech 

Get SALT Encoding   

  12  0:01  SCV  
  13  0:13  SCV  
  14  0:17  Supply Depot  
  14  0:25  SCV  
  15  0:38  SCV  
  16  0:50  SCV  
  17  0:59  Command Center  
  17  1:04  SCV  
  18  1:13  Barracks  
  18  1:16  SCV  
  19  1:22  Refinery  
  19  1:28  SCV  
  19  1:30  Refinery  
  20  1:40  SCV  
  21  1:52  SCV  
  22  2:00  Reaper  
  23  2:05  Orbital Command  
  23  2:11  Orbital Command  
  23  2:18  Factory  
  23  2:30  SCV  
  23  2:33  Barracks Reactor  
  23  2:36  SCV  
  25  2:42  SCV  
  26  2:48  SCV  
  27  2:54  SCV  
  28  3:00  SCV, Supply Depot  
  28  3:02  Starport  
  29  3:06  SCV  
  29  3:12  Hellion x2  
  34  3:13  SCV  
  34  3:14  Barracks Tech Lab  
  34  3:18  SCV  
  36  3:26  SCV  
  37  3:27  Supply Depot  
  37  3:31  SCV, Liberator  
  37  3:33  Hellion x2  
  42  3:38  SCV  
  43  3:43  SCV  
  43  3:45  Cloaking Field  
  44  3:49  Supply Depot  
  44  3:50  SCV  
  44  3:55  SCV  
  49  3:58  Hellion x2  
  49  4:02  SCV  
  54  4:11  SCV  
  54  4:12  Supply Depot  
  54  4:14  SCV  
  56  4:18  Command Center  
  56  4:23  SCV, Hellion  
  61  4:24  Hellion  
  61  4:26  SCV  
  61  4:31  Refinery  
  61  4:33  Refinery  
  61  4:34  Banshee  
  61  4:35  SCV  
  65  4:40  SCV, Supply Depot  
  65  4:44  Hellion  
  68  4:47  SCV  
  68  4:52  SCV  
  66  4:54  Hellion  
  66  4:59  SCV  
  65  5:00  Armory x2  
  65  5:04  SCV  
  65  5:06  Hellion  
  68  5:11  SCV  
  69  5:16  Factory x2, SCV, Hellion  
  72  5:23  SCV  
  72  5:28  SCV, Hellion  
  73  5:31  Orbital Command  
  73  5:33  Barracks Tech Lab  
  73  5:35  SCV  
  73  5:40  SCV, Hellion  
  77  5:43  Starport Reactor  
  77  5:48  SCV  
  80  5:50  Terran Vehicle And Ship Armor Level 1, Hellion, Terran Vehicle Weapons Level 1  
  80  5:52  SCV  
  80  5:53  Supply Depot  
  81  5:58  SCV  
  81  6:00  SCV  
  81  6:04  SCV  
  81  6:08  Refinery  
  81  6:10  Refinery  
  81  6:11  SCV  
  83  6:12  SCV  
  83  6:16  Thor x2, SCV  
  83  6:17  Supply Depot  
  97  6:23  SCV  
  97  6:24  SCV  
  97  6:25  Hellion  
  101  6:26  Supply Depot  
  101  6:32  Supply Depot  
  101  6:38  Medivac x2  
  101  6:39  SCV x2  
  107  6:41  Hellion  
  109  6:47  SCV  
  109  6:48  Hellion  
  109  6:51  SCV x2  
  107  6:59  SCV  
  108  7:03  SCV x2  
  108  7:05  Hellion x4  
  108  7:07  Hellion x2  
  110  7:08  Factory  
  110  7:10  Factory  
  110  7:14  Command Center, Siege Tank x2  
  110  7:15  Command Center, Hellion x2  
  120  7:22  Supply Depot  
  120  7:23  Engineering Bay  
  120  7:25  Supply Depot  
  120  7:32  Infernal Pre-Igniter  
  120  7:33  Supply Depot  
  120  7:45  Hellion x2  
  124  7:51  Terran Vehicle And Ship Armor Level 2, Terran Vehicle Weapons Level 2, Siege Tank x2  
  124  7:53  Factory Reactor  
  124  7:54  Factory Tech Lab  
  130  8:06  Hellion  
  130  8:10  Hellion  
  134  8:16  Hellion  
  134  8:17  Viking  
  138  8:20  Supply Depot x2  
  138  8:23  Siege Tank x2  
  138  8:25  Supply Depot  
  138  8:26  Planetary Fortress  
  144  8:27  Orbital Command  
  144  8:30  SCV x2  
  144  8:31  SCV  
  144  8:32  Hellion x2  
  144  8:33  Hellion  
  153  8:38  Siege Tank  
  156  8:41  Refinery  
  156  8:42  Hellion  
  156  8:43  Refinery  
  156  8:47  Supply Depot  
  158  8:53  Viking x2  
  158  8:54  Hellion  
  161  8:55  Siege Tank  
  164  9:03  Hellion x2, Siege Tank  
  164  9:07  Hellion x15  
  164  9:09  Orbital Command  
  171  9:12  Hellion, Siege Tank  
  171  9:15  Hellion  
  178  9:23  Viking x2  
  182  9:25  Hellion x2  
  182  9:28  Hellion  
  188  9:35  Hellion, Siege Tank  
  188  9:36  Hellion  
  193  9:44  Siege Tank  
  192  9:46  Hellion x2  
  192  9:49  Hellion  
  187  9:53  Viking  
  187  9:56  Hellion  
  187  9:58  Hellion  
  189  10:04  Refinery  
  189  10:06  Refinery  
  189  10:07  Supply Depot, Siege Tank  
  189  10:10  Siege Tank  
  195  10:23  Hellion, Siege Tank  
  195  10:26  Hellion x2  
  188  10:29  Viking  
  188  10:32  Hellion  
  184  10:39  Siege Tank  
  184  10:42  Siege Tank  
  190  10:44  Hellion, Viking  
  190  10:47  Hellion  
  196  10:51  Hellion  
  198  10:59  Viking  
  198  11:01  Siege Tank  
  198  11:02  Hellion  
  197  11:11  Siege Tank  
  197  11:13  Hellion  
  197  11:14  Siege Tank, Viking  
  197  11:17  Hellion x4  
  195  11:23  Hellion  
  187  11:28  SCV x2  
  187  11:29  SCV  
  187  11:31  Viking  
  192  11:33  Siege Tank  
  192  11:34  Hellion  
  192  11:38  Hellion x2  
  193  11:44  Viking  
  197  11:47  Hellion  
  197  11:49  Hellion  
  197  12:00  Siege Tank  
  197  12:01  Hellion  
  196  12:02  Hellion  
  198  12:09  Hellion  
  198  12:10  Command Center  
  200  12:21  Hellion  
  193  12:24  Hellion  
  193  12:25  Hellion  
  193  12:27  Siege Tank  
  195  12:31  Siege Tank  
  195  12:33  Siege Tank  
  195  12:38  Supply Depot  
  195  12:42  Hellion  
  194  12:46  Hellion x2  
  194  12:50  Viking x2  
  195  13:00  Hellion, Siege Tank  
  195  13:03  Hellion  
Show
View Real Time Build Order
Export as new Build Order

Reynor Zerg 

Build Orders: Hatch First 

Get SALT Encoding   

  12  0:00  Drone  
  13  0:12  Overlord  
  13  0:17  Drone  
  14  0:25  Drone, Extractor  
  15  0:31  Drone  
  15  0:34  Drone  
  17  0:53  Hatchery  
  17  0:56  Drone  
  17  0:59  Drone  
  17  1:01  Extractor  
  17  1:15  Spawning Pool  
  17  1:18  Drone  
  17  1:22  Drone  
  18  1:29  Drone  
  19  1:39  Overlord  
  19  1:50  Drone  
  20  2:03  Queen  
  20  2:05  Queen  
  20  2:07  Metabolic Boost  
  25  2:08  Drone  
  25  2:10  Drone  
  25  2:14  Drone  
  27  2:21  Drone x2  
  29  2:27  Drone  
  30  2:33  Drone  
  31  2:40  Hatchery  
  31  2:43  Drone x2  
  32  2:48  Overlord  
  32  2:53  Queen  
  32  2:58  Zergling x2  
  35  3:05  Overlord  
  35  3:10  Drone x3  
  38  3:15  Queen  
  38  3:18  Drone x3  
  38  3:19  Drone  
  44  3:23  Overlord  
  44  3:26  Drone  
  45  3:29  Zergling x4  
  47  3:34  Queen  
  47  3:39  Drone, Overlord  
  50  3:42  Drone x2  
  50  3:46  Drone  
  53  3:52  Drone x2  
  55  3:56  Queen  
  55  3:57  Drone  
  55  4:01  Drone  
  55  4:02  Overlord  
  59  4:04  Drone  
  59  4:05  Drone x3  
  63  4:11  Evolution Chamber  
  63  4:14  Zergling x2, Evolution Chamber  
  63  4:15  Zergling x4  
  64  4:24  Drone x3  
  64  4:26  Spore Crawler  
  64  4:28  Overlord  
  64  4:29  Spore Crawler  
  64  4:30  Drone x2  
  67  4:32  Spore Crawler  
  67  4:35  Drone  
  67  4:36  Drone  
  67  4:43  Drone x3  
  67  4:44  Drone x2  
  69  4:46  Zergling x2  
  67  4:53  Drone x2  
  67  4:54  Drone  
  69  5:00  Zerg Missile Weapons Level 1, Zerg Ground Armor Level 1  
  69  5:01  Drone x4  
  69  5:02  Drone  
  69  5:05  Drone  
  69  5:07  Overlord  
  75  5:08  Drone  
  75  5:13  Drone x3  
  75  5:14  Drone  
  80  5:15  Extractor  
  76  5:22  Overlord  
  76  5:26  Zergling x4  
  75  5:29  Drone  
  75  5:32  Drone  
  75  5:33  Extractor  
  75  5:34  Extractor  
  75  5:35  Extractor  
  74  5:36  Drone x4  
  74  5:39  Lair  
  74  5:41  Drone  
  74  5:42  Drone x4, Hatchery  
  82  5:44  Zergling x2  
  82  5:47  Zergling x4  
  84  5:53  Zergling x4  
  84  5:56  Zergling x2  
  81  6:00  Zergling x2  
  75  6:04  Drone x2  
  75  6:05  Drone  
  75  6:06  Drone  
  75  6:11  Drone x5  
  81  6:12  Drone  
  81  6:13  Roach Warren  
  81  6:14  Extractor  
  81  6:17  Queen  
  84  6:21  Overlord  
  84  6:25  Drone  
  85  6:26  Drone x3  
  88  6:35  Zergling x4  
  88  6:36  Zergling x6  
  88  6:39  Drone x2  
  95  6:40  Overlord  
  94  6:55  Overlord  
  94  7:01  Roach x6  
  100  7:09  Roach x7  
  100  7:10  Glial Reconstitution  
  100  7:11  Zerg Ground Armor Level 2, Zerg Missile Weapons Level 2  
  100  7:14  Drone x3  
  117  7:17  Drone x3  
  120  7:24  Drone, Extractor  
  120  7:26  Hydralisk Den, Infestation Pit  
  120  7:28  Overlord  
  120  7:29  Roach x2, Extractor  
  121  7:32  Spore Crawler  
  121  7:33  Overlord  
  119  7:39  Overlord  
  119  7:41  Drone x2  
  120  7:45  Drone x5  
  120  7:48  Overlord  
  124  7:51  Drone x4  
  124  7:56  Overlord  
  126  8:12  Hive  
  126  8:17  Muscular Augments, Overlord  
  126  8:18  Hydralisk x9  
  144  8:27  Hydralisk x3  
  144  8:28  Hydralisk x2  
  154  8:34  Hydralisk x4  
  154  8:36  Roach  
  154  8:40  Overseer  
  162  8:43  Hydralisk x3  
  162  8:46  Overlord  
  168  8:54  Roach x2  
  168  8:55  Roach  
  174  8:57  Overlord  
  174  9:01  Overlord  
  174  9:02  Overlord  
  174  9:04  Spire  
  174  9:07  Roach x5  
  183  9:10  Overlord  
  176  9:25  Viper x2  
  176  9:28  Roach x5  
  176  9:29  Hatchery  
  189  9:45  Hydralisk x5  
  181  9:46  Hydralisk x2  
  181  9:50  Roach  
  181  9:51  Roach x3  
  185  9:53  Hydralisk  
  185  9:57  Roach  
  173  10:02  Hydralisk x2  
  175  10:08  Roach x5  
  175  10:12  Hydralisk  
  187  10:20  Roach x4  
  163  10:30  Hydralisk  
  151  10:50  Extractor  
  151  10:51  Roach x5  
  151  10:52  Roach x3, Extractor  
  151  10:56  Hydralisk x3  
  171  11:04  Hydralisk x3  
  171  11:08  Queen, Roach  
  173  11:13  Hydralisk x2  
  173  11:17  Roach x3  
  167  11:24  Hydralisk x2  
  157  11:27  Queen  
  157  11:30  Roach  
  157  11:34  Greater Spire  
  157  11:35  Roach  
  154  11:41  Roach x2  
  154  11:45  Viper  
  161  11:50  Roach x2  
  165  11:57  Overlord x5  
  165  11:59  Hatchery  
  164  12:02  Overlord  
  161  12:24  Roach x5  
  161  12:28  Hydralisk  
  161  12:29  Hydralisk x4  
  163  12:34  Roach x4  
  163  12:35  Hydralisk  
  152  12:41  Hydralisk x2  
  140  12:47  Hydralisk x2  
  140  12:51  Roach  
  131  13:02  Viper x3  
  128  13:09  Roach x4  
Tags
 
Add a new tag
Caveats
  • Supply blocks, unpowered buildings, or Contaminate may cause inaccurate times.
  • Supply counts are checked every 10 seconds.